 Dungeon Crawl Stone Soup version 0.31-a0-925-g0a390f2509 (webtiles) character file.

Game seed: 166568967008153059

45 lunkers the Ruffian (level 4, -2/25 HPs)
             Began as a Meteoran Shapeshifter on Oct 18, 2023.
             Slain by Crazy Yiuf
             ... wielding a +4 quarterstaff of chaos
              (15 damage)
             ... on level 3 of the Dungeon.
             The game lasted 00:03:05 (838 turns).

lunkers the Ruffian (Meteoran Shapeshifter)          Turns: 838, Time: 00:03:05

Health: -2/25      AC:  5    Str: 16    XL:     4   Next: 12%
Magic:  5/5        EV: 11    Int: 11    God:
Gold:   81         SH:  0    Dex: 15    Spells: 3/3 levels left

rFire   . .          .
                       - Unarmed
rCold   . . .        (shield currently unavailable)
rNeg    . . .        g - +0 ring mail
rPois   .            (no helmet)
rElec   .            (no cloak)
rCorr   .            (no gloves)
SInv    .            (no boots)
Will    .....        (no amulet)
Stlth   +            (no ring)
HPRegen 0.24/turn    (no ring)
MPRegen 0.09/turn

%: no passive effects
@: flux-form, glowing
A: glow, contaminating, reduced hp, sense surroundings 1, otherworldly, glowing,
explore regen
a: Begin Untransformation


You were on level 3 of the Dungeon.
You were something dangerously unstable.
You visited 1 branch of the dungeon, and saw 3 of its levels.

You collected 81 gold pieces.

Inventory:

Armour
 a - a +0 animal skin
 g - a +0 ring mail (worn)
 j - a scarf of invisibility
Jewellery
 i - an amulet of magic regeneration
Talismans
 c - a beast talisman
 d - a flux talisman (active)
Scrolls
 k - a scroll of identify {unknown}
Potions
 b - a potion of lignification
 e - a potion of attraction {unknown}
 f - a potion of haste {unknown}
 h - a potion of curing {unknown}


   Skills:
 - Level 1.1 Fighting
 - Level 2.1 Dodging
 * Level 4.9 Unarmed Combat
 + Level 4.2 Shapeshifting


You had 3 spell levels left.
You didn't know any spells.
Your spell library was empty.

Dungeon Overview and Level Annotations

Branches:
Dungeon (3/15) Zot: 968

Altars:

Annotations:
D:3 Crazy Yiuf


Innate Abilities, Weirdness & Mutations

You are something dangerously unstable.
You glow with magical radiation, making you easy to see and hit.
Foes you strike become dangerously contaminated with magical radiation.
Your maximum health is decreased, since you lack skill for your form.
You are incapable of wielding weapons or throwing items.
You passively map a small area around you.
You are easily found by Zot.
You glow in the dark.
You regain HP and MP as you explore.


Message History

A rat is nearby!
You punch the rat!
You kill the rat!
No target in view!
No target in view!
You now have 81 gold pieces (gained 8).
A ball python comes into view.
The ball python hisses angrily.
A ball python is nearby!
An endoplasm comes into view.
The endoplasm quivers.
You barely miss the ball python. You punch the ball python.
You kill the ball python!
You punch the endoplasm!
You kill the endoplasm!
No target in view!
No target in view!
Found a hammer.
Found a runed translucent door.
No target in view!
Crazy Yiuf shouts!
k - a scroll labelled SIMAHO TUKLEEMON No target in view!
No target in view!
No target in view!
Okay, then.
You begin transforming.
You continue transforming. x3
Your transformation has ended.
You turn into something dangerously unstable.
HP restored.
As you open the door, it creaks loudly!
Crazy Yiuf screams, "Line!
Rot meccalolo cower."
Unknown command.
You completely miss Crazy Yiuf.
Crazy Yiuf hits you with a +4 quarterstaff of chaos!
Crazy Yiuf burns you.
* * * LOW HITPOINT WARNING * * *
You hit Crazy Yiuf but do no damage.
Crazy Yiuf begins to glow.
Crazy Yiuf hits you with a +4 quarterstaff of chaos!
Ouch! That really hurt!
You die...

#.#*
##....####
#.. , #..
#....# #..
####
♣....♣ ..
, ♣♣...♣ *
* * ♣♣.♣♣
* ♣♣.♣ *
** ** *
♣.♣♣ ♣♣.♣
, ♣p♣♣ , *
#g#* *
...* ,
#...# *
#)..# , ,
##### , *
, *


You could see Crazy Yiuf (contam).

Vanquished Creatures
  An adder (D:2)
  3 endoplasms
  A giant cockroach (D:2)
  2 goblins
  6 hobgoblins
  2 quokkas
  5 ball pythons
  3 bats
  2 frilled lizards
  2 kobolds (D:1)
  7 rats
34 creatures vanquished.

Notes
Turn   | Place    | Note
-------+----------+-------------------------------------------
     0 | D:1      | lunkers the Meteoran Shapeshifter began the quest for the
                  | Orb.
     0 | D:1      | Reached XP level 1. HP: 16/16 MP: 2/2
    88 | D:1      | Reached XP level 2. HP: 21/23 MP: 3/3
   319 | D:2      | Reached XP level 3. HP: 12/28 MP: 4/4
   509 | D:2      | Reached XP level 4. HP: 35/35 MP: 5/5
   768 | D:3      | Found a runed translucent door.
   769 | D:3      | Noticed Crazy Yiuf
   838 | D:3      | Slain by Crazy Yiuf

Illustrated notes

Levels and vault maps discovered:
D:1:      zelgadis_glass_arrival_small, layout_basic
D:2:      cheibrodos_old_hovel, layout_rooms, minmay_tromino_v7
D:3:      layout_loops_ring, uniq_crazy_yiuf_cottage

Skill      XL: |  1  2 |
---------------+-------+-----
Unarmed Combat | 4 |  4.9
Shapeshifting  | 4 |  4.2
Fighting       | |  1.1
Dodging        | |  2.1

Action                     |  1- 3 |  4- 6 || total
---------------------------+-------+-------++-------
  Melee: Unarmed           |    63 |    12 ||    75
         Punch             |       |     1 ||     1
 Armour: Animal skin       |     4 |       ||     4
         Ring mail         |    25 |     6 ||    31
  Dodge: Dodged            |    33 |     3 ||    36
   Form: Flux              |       |     1 ||     1

Table legend: (Time is in decaauts)
 A = Elapsed time spent in this place.
 B = Non-inter-level travel time spent in this place.
 C = Inter-level travel time spent in this place.
 D = Time resting spent in this place.
 E = Time spent auto-exploring this place.
 F = Levels seen in this place.
 G = Mean time per level.
                   A        B        C        D        E       F      G
               +--------+--------+--------+--------+--------+-----+--------+
         Total |    831 |    816 |     15 |      0 |    514 |   3 |  277.0 |
       Dungeon |    831 |    816 |     15 |      0 |    514 |   3 |  277.0 |
               +--------+--------+--------+--------+--------+-----+--------+

Top non-repeatable levels by time:
     D:2: 464 daAuts
     D:1: 261 daAuts
     D:3: 105 daAuts
